 Dungeon Crawl Stone Soup version 0.32-a0-913-g739538afd8 (webtiles) character file.

Game seed: 10022054648582950463

39 DEFE the Chopper (level 3, -4/29 HPs)
             Began as a Coglin Fighter on Apr 8, 2024.
             Killed by divine providence
             ... invoked by an orc priest
              (13 damage)
             ... on level 2 of the Dungeon.
             The game lasted 00:00:35 (720 turns).

DEFE the Chopper (Coglin Fighter)                    Turns: 720, Time: 00:00:35

Health: -4/29      AC:  6    Str: 18    XL:     3   Next: 47%
Magic:  3/3        EV:  8    Int:  7    God:
Gold:   59         SH:  0    Dex: 13    Spells: 2/2 levels left

rFire   . . .        a - +0 war axe {Ximena}
rCold   . . .        e - +1 hand axe (elec) {Adela}
rNeg    . . .        b - +0 scale mail
rPois   .            (no helmet)
rElec   .            (no cloak)
rCorr   .            (no gloves)
SInv    .            (no boots)
Will    .....        (amulet unavailable) Stlth
                     (ring unavailable)
HPRegen 0.24/turn    (ring unavailable)
MPRegen 0.08/turn    (no gizmo)

%: no passive effects
@: mighty, revving
A: off-hand wielding, slow wielding, warmup strikes, no jewellery
a: Invent Gizmo, Convert to Beogh


You were on level 2 of the Dungeon.
You visited 1 branch of the dungeon, and saw 2 of its levels.

You collected 59 gold pieces.

Inventory:

Hand Weapons
 a - a +0 war axe (weapon) {Ximena}
 e - a +1 hand axe of electrocution (offhand) {Adela}
Armour
 b - a +0 scale mail (worn)
 c - a +0 buckler
Scrolls
 f - 2 scrolls of identify {unknown}
 g - a scroll of amnesia {unknown}
 i - a scroll of torment {unknown}
Potions
 h - 2 potions of brilliance {unknown}


   Skills:
 - Level 3.0 Fighting
 + Level 3.8 Axes
 - Level 2.6 Armour
 - Level 2.1 Shields


You had 2 spell levels left.
You didn't know any spells.
Your spell library was empty.

Dungeon Overview and Level Annotations

Branches:
Dungeon (2/15)

Altars:

Shops:
D:2 *


Innate Abilities, Weirdness & Mutations

You can wield a second weapon in your off-hand.
It takes a long time for you to wield or remove held weapons.
Your first few attacks do less damage.
You cannot equip rings or amulets.


Message History

You slash the dart slug with your +0 war axe!
You kill the dart slug!
You closely miss the orc with your +0 war axe.
You hit the orc with your +0 war axe. The orc barely misses you.
You barely miss the orc with your +1 hand axe of electrocution.
The orc is almost dead.
You hit the rat with your +1 hand axe of electrocution.
Lightning courses through the rat!
You kill the rat!
You hit the orc with your +1 hand axe of electrocution.
You kill the orc!
You hit the orc with your +0 war axe.
You kill the orc!
The orc priest calls down the wrath of Beogh upon you.
Beogh smites you!
A hobgoblin comes into view.
The orc priest threatens, "Beogh's wrath is as vast as their mercy.
Make your choice!" (press Y on the ability menu to convert to Beogh)
The orc priest barely misses you. The orc hits you with a +0 whip.
You are too injured to fight recklessly!
Unknown command.
You barely miss the orc priest with your +1 hand axe of electrocution.
You barely miss the orc with your +1 hand axe of electrocution. x2
You hit the orc priest but do no damage.
You completely miss the orc with your +0 war axe.
You hit the orc but do no damage. The orc hits you but does no damage.
The orc priest mumbles some strange prayers to Beogh against you.
Pain shoots through your body! The orc closely misses you.
The orc barely misses you.
The orc priest hits you with a +0 falchion.
The orc hits you with a +0 club.
* * * LOW HITPOINT WARNING * * *
You are too injured to fight recklessly!
You are too injured to fight recklessly!
Unknown command.
Unknown command.
You feel very mighty all of a sudden.
The orc priest invokes the aid of Beogh against you.
Beogh smites you!
You die...

... .. ##.## ##
#..> ..#.
##.<##....
#%........ #.<..
#.)o.g.... #...#
#.@o.##.# #...#
#).o....# #...#
##....####
#...####
##.###....#
###...##.####.##
#.#..
..............#
.# ..
..............# .
.
†............#.#
#.
###...##.######..


You could see an orc priest, 2 orcs and a hobgoblin.

Vanquished Creatures
  An adder (D:2)
  2 dart slugs (D:2)
  2 orcs (D:2)
  3 endoplasms (D:1)
  2 giant cockroaches
  2 hobgoblins
  2 ball pythons (D:2)
  4 bats (D:1)
  A frilled lizard (D:2)
  2 goblins (D:1)
  4 rats
25 creatures vanquished.

Notes
Turn   | Place    | Note
-------+----------+-------------------------------------------
     0 | D:1      | DEFE the Coglin Fighter began the quest for the Orb.
     0 | D:1      | Reached XP level 1. HP: 18/18 MP: 1/1
   160 | D:1      | Reached XP level 2. HP: 24/24 MP: 2/2
   644 | D:2      | Found Haycy's Assorted Antiques.
   652 | D:2      | Reached XP level 3. HP: 29/29 MP: 3/3
   720 | D:2      | Killed from afar by an orc priest

Illustrated notes

Levels and vault maps discovered:
D:1:      minmay_arrival_stair_chambers, layout_loops_cross
D:2:      layout_loops_cross, serial_shops, shop, kennysheep_flooded_box

Skill      XL: |  1  2 |
---------------+-------+-----
Axes           | 3 |  3.8
Fighting       | |  3.0
Armour         | |  2.6
Shields        | |  2.1

Action                     || total
---------------------------++-------
  Melee: War axe           ||    31
         Hand axe          ||    21
    Use: Potion            ||     1
 Armour: Scale mail        ||    26
  Dodge: Dodged            ||    23
  Block: Buckler           ||     5

Table legend: (Time is in decaauts)
 A = Elapsed time spent in this place.
 B = Non-inter-level travel time spent in this place.
 C = Inter-level travel time spent in this place.
 D = Time resting spent in this place.
 E = Time spent auto-exploring this place.
 F = Levels seen in this place.
 G = Mean time per level.
                   A        B        C        D        E       F      G
               +--------+--------+--------+--------+--------+-----+--------+
         Total |    731 |    715 |     16 |     29 |    555 |   2 |  365.5 |
       Dungeon |    731 |    715 |     16 |     29 |    555 |   2 |  365.5 |
               +--------+--------+--------+--------+--------+-----+--------+

Top non-repeatable levels by time:
     D:1: 652 daAuts
     D:2: 78 daAuts
